 Dungeon Crawl Stone Soup version 0.30-a0-782-ge64f9170bb (webtiles) character file.

Game seed: 11905685186759164175

6 mopl the Magician (level 1, 0/13 HPs)
             Began as a Mummy Fire Elementalist on Mar 13, 2023.
             Slain by a quokka (4 damage)
             ... on level 1 of the Dungeon.
             The game lasted 00:00:27 (193 turns).

mopl the Magician (Mummy Fire Elementalist)          Turns: 193, Time: 00:00:28

Health: 0/13       AC:  2    Str: 11    XL:     1   Next: 75%
Magic:  0/4        EV: 12    Int: 14    God:
Gold:   9          SH:  0    Dex: 12    Spells: 4/5 levels left

rFire   x . .      SeeInvis .    (no weapon)
rCold   + . .      Faith    +    (no shield)
rNeg    + + +      Spirit   .    a - +0 robe
rPois   ∞          Reflect  .    (no helmet)
rElec   .          Harm     .    (no cloak)
rCorr   .          Rampage  .    (no gloves)
Will    .....                    (no boots)
Stlth   ++                       b - amulet of the acrobat
HPRegen 0.22/turn                (no ring)
MPRegen 0.09/turn                (no ring)

@: very slightly contaminated
A: cold resistance 1, negative energy resistance 3, torment resistance 2, heat
vulnerability 1, no potions, faith
a: no special abilities


You were on level 1 of the Dungeon.
You visited 1 branch of the dungeon, and saw 1 of its levels.

You collected 9 gold pieces.

Inventory:

Armour
 a - a +0 robe (worn)
Jewellery
 b - an amulet of the acrobat (around neck)
Scrolls
 c - a scroll of fear {unknown}
 d - a scroll of enchant weapon {unknown}
 e - a scroll of enchant armour {unknown}
 f - 2 scrolls of identify {unknown}
 g - a scroll of teleportation {unknown}
 h - a scroll of magic mapping {unknown}


   Skills:
 - Level 1.5 Dodging
 - Level 1.5 Stealth
 + Level 2.9 Spellcasting
 + Level 1.0 Conjurations
 + Level 2.5 Fire Magic


You had 4 spell levels left.
You knew the following spells:

 Your Spells              Type           Power      Damage    Failure   Level
a - Foxfire               Conj/Fire      28%        2x1d5     11%         1

Your spell library contained the following spells:

 Spells                   Type           Power      Damage    Failure   Level
 Scorch                   Fire           18%        2d6       12%         2
 Inner Flame              Hex/Fire       5%         N/A       36%         3
 Kindle Blastsparks       Fire/Tloc/Air  8%         2d10      41%         3
 Flame Wave               Conj/Fire      7%         2d5       71%         4


Dungeon Overview and Level Annotations

Branches:
Dungeon (1/15)

Altars:


Innate Abilities, Weirdness & Mutations

You are immune to poison.
Your flesh is cold resistant. (rC+)
You are immune to negative energy. (rN+++)
You are immune to unholy pain and torment.
You are vulnerable to heat. (rF-)
You do not drink.
You have a special connection with the divine. (Faith)


Message History

The quokka bites you but does no damage.
The quokka misses you.
You barely miss the quokka. The quokka bites you.
You are too injured to fight recklessly!
You are too injured to fight recklessly!
You are too injured to fight recklessly!
You are too injured to fight recklessly!
You are too injured to fight recklessly!
You are too injured to fight recklessly!
You are too injured to fight recklessly!
You are too injured to fight recklessly!
You are too injured to fight recklessly!
You are too injured to fight recklessly!
You are too injured to fight recklessly!
You are too injured to fight recklessly!
You hit the quokka.
The quokka is severely wounded.
The quokka closely misses you. The quokka attacks as you move away!
The quokka closely misses you. The quokka attacks as you move away!
The quokka misses you.
Casting: Foxfire (safe; 11% risk of failure)
Confirm with . or Enter, or press ? or * to list all spells.
You miscast Foxfire.
You are very lightly contaminated with residual magic.
Nothing appears to happen.
The quokka barely misses you. The quokka bites you.
You barely miss the quokka.
The quokka is severely wounded.
The quokka bites you.
Casting: Foxfire (safe; 11% risk of failure)
Confirm with . or Enter, or press ? or * to list all spells.
You conjure some foxfire!
The quokka barely misses you.
Unknown command.
You hit the quokka but do no damage.
The quokka is severely wounded.
The foxfire hits the quokka but does no damage.
The quokka is severely wounded.
The foxfire hits the quokka but does no damage.
The quokka is severely wounded.
The quokka bites you.
You die...

###+##### ####+### ...
#.......# #........ ...
#.......# ##.....#.##...
...>... ..........#...
#....####............
#[.....#.......#.....
####..#.#####...........
#......r.$..............
#.#....@....##..........
##..§§...........##.#.
#.....................
#..................)..
#...............###...
#...###.........+.....
............##...###...
####.#########.........
#...........##...


You could see a quokka.

Vanquished Creatures
  An endoplasm (D:1)
  A goblin (D:1)
  A kobold (D:1)
  2 bats (D:1)
5 creatures vanquished.

Vanquished Creatures (others)
  11 foxfires (D:1)
11 creatures vanquished.

Grand Total: 16 creatures vanquished

Notes
Turn   | Place    | Note
-------+----------+-------------------------------------------
     0 | D:1      | mopl the Mummy Fire Elementalist began the quest for the
                  | Orb.
     0 | D:1      | Reached XP level 1. HP: 13/13 MP: 4/4
   165 | D:1      | Reached skill level 1 in Conjurations
   193 | D:1      | Slain by a quokka

Illustrated notes

Levels and vault maps discovered:
D:1:      sevenhm_arrival_forest_fort_large_2, layout_basic, serial_shops, shop

Skill      XL: |  1 |
---------------+----+-----
Conjurations   | 1 |  1.0
Dodging        | |  1.5
Stealth        | |  1.5
Spellcasting   | |  2.9
Fire Magic     | |  2.5

Action                     || total
---------------------------++-------
  Melee: Unarmed           ||    22
   Cast: Foxfire           ||     7
 Armour: Robe              ||     9
  Dodge: Dodged            ||    17

Table legend: (Time is in decaauts)
 A = Elapsed time spent in this place.
 B = Non-inter-level travel time spent in this place.
 C = Inter-level travel time spent in this place.
 D = Time resting spent in this place.
 E = Time spent auto-exploring this place.
 F = Levels seen in this place.
 G = Mean time per level.
                   A        B        C        D        E       F      G
               +--------+--------+--------+--------+--------+-----+--------+
         Total |    193 |    193 |      0 |      0 |    131 |   1 |  193.0 |
       Dungeon |    193 |    193 |      0 |      0 |    131 |   1 |  193.0 |
               +--------+--------+--------+--------+--------+-----+--------+

Top non-repeatable levels by time:
     D:1: 193 daAuts
